 Dungeon Crawl Stone Soup version 0.29.1-15-g9cfb28693d (webtiles) character file.

Game seed: 781853867997810474

16 hawla the Firebug (level 3, -3/26 HPs)
             Began as a Meteoran Fire Elementalist on Apr 5, 2023.
             Killed by nerve-wracking pain
             ... invoked by Jessica
              (12 damage)
             ... on level 2 of the Dungeon.
             The game lasted 00:01:14 (308 turns).

hawla the Firebug (Meteoran Fire Elementalist)       Turns: 308, Time: 00:01:15

Health: -3/26      AC:  2    Str:  9    XL:     3   Next: 0%
Magic:  2/8        EV: 12    Int: 18    God:
Gold:   53         SH:  0    Dex: 15    Spells: 4/7 levels left

rFire   . . .      SeeInvis .   (no weapon)
rCold   . . .      Faith    .   (no shield)
rNeg    . . .      Spirit   .   a - +0 robe
rPois   .          Reflect  .   (no helmet)
rElec   .          Harm     .   (no cloak)
rCorr   .          Rampage  .   (no gloves)
Will    .....                   (no boots)
Stlth   +.........              (no amulet)
HPRegen 0.08/turn               (no ring)
MPRegen 0.11/turn               (no ring)

@: very slightly contaminated, glowing
A: sense surroundings 1, otherworldly, glowing, explore regen
a: no special abilities


You were on level 2 of the Dungeon.
You visited 1 branch of the dungeon, and saw 2 of its levels.

You collected 53 gold pieces.

Inventory:

Armour
 a - a +0 robe (worn)
Scrolls
 c - 2 scrolls of identify {unknown}
 d - a scroll of fear {unknown}
 e - a scroll of torment {unknown}
 g - a scroll of amnesia {unknown}
Potions
 b - 2 potions of magic
 f - a potion of curing
 h - a potion of heal wounds {unknown}


   Skills:
 + Level 2.6 Dodging
 - Level 1.4 Stealth
 + Level 2.9 Spellcasting
 + Level 1.2 Conjurations
 + Level 4.4 Fire Magic


You had 4 spell levels left.
You knew the following spells:

 Your Spells              Type           Power      Damage    Failure   Level
a - Foxfire               Conj/Fire      48%        2x1d6     5%          1
b - Scorch                Fire           36%        2d7       4%          2

Your spell library contained the following spells:

 Spells                   Type           Power      Damage    Failure   Level
 Conjure Flame            Conj/Fire      12%        6-21      16%         3
 Inner Flame              Hex/Fire       10%        N/A       21%         3
 Flame Wave               Conj/Fire      12%        2d6       45%         4


Dungeon Overview and Level Annotations

Branches:
Dungeon (2/15) Zot: 890

Altars:

Annotations:
D:2 Jessica


Innate Abilities, Weirdness & Mutations

You passively map a small area around you.
You are easily found by Zot.
You glow in the dark.
You regain HP and MP as you explore.


Message History

Casting: Foxfire (safe; 6% risk of failure)
Confirm with . or Enter, or press ? or * to list all spells.
You miscast Scorch.
You are very lightly contaminated with residual magic.
Nothing appears to happen.
You feel sick.
The foxfire hits the ball python.
You kill the ball python!
The foxfire hits the goblin.
You kill the goblin!
The adder bites you but does no damage. The adder bites you.
You are lethally poisoned!
The adder poisons you!
You have reached level 3!
Your experience leads to an increase in your attributes!
Increase (S)trength, (I)ntelligence, or (D)exterity?
You feel clever. x2; You feel agile.
It was a potion of curing.
You feel better. The adder misses you.
Casting: Scorch (safe; 4% risk of failure)
Confirm with . or Enter, or press ? or * to list all spells.
You conjure some foxfire!
The adder barely misses you. Jessica gestures at you while chanting.
You barely resist.
Casting: Foxfire (safe; 5% risk of failure)
Confirm with . or Enter, or press ? or * to list all spells.
You don't have enough magic to cast this spell.
Casting: Foxfire (safe; 5% risk of failure)
Confirm with . or Enter, or press ? or * to list all spells.
You don't know that spell.
Unknown command.
You miss the adder.
The foxfire hits Jessica.
Jessica is lightly wounded.
The foxfire hits Jessica but does no damage.
Jessica is lightly wounded.
The adder bites you but does no damage. Jessica hits you with a +0 club.
The adder barely misses you. Jessica hits you with a +0 club.
Unknown command.
The adder attacks as you move away! The adder bites you.
Jessica grins evilly.
Jessica points at you and mumbles some strange words.
Pain shoots through your body!
You die...

##### *
#########...######
#.................
#######.#######.@.# * ,
........########@#####.
*
###.............S......#
#.###########†w####..#
#.#..,, , .>)..),
#.#.#** * ##.##...w
#.#.# #.# ...# * #.#.#
#.# ...# #.#.####### #.#
.#.*


You could see a worm, an adder and Jessica (fast).

Vanquished Creatures
  3 goblins
  A hobgoblin (D:1)
  3 kobolds
  2 quokkas (D:1)
  A ball python (D:2)
  3 bats (D:1)
  A rat (D:1)
14 creatures vanquished.

Vanquished Creatures (others)
  31 foxfires
  A plant (D:1)
32 creatures vanquished.

Grand Total: 46 creatures vanquished

Notes
Turn   | Place    | Note
-------+----------+-------------------------------------------
     0 | D:1      | hawla the Meteoran Fire Elementalist began the quest for
                  | the Orb.
     0 | D:1      | Reached XP level 1. HP: 14/14 MP: 5/5
    20 | D:1      | Reached skill level 4 in Fire Magic
    30 | D:1      | Reached XP level 2. HP: 8/20 MP: 0/6
    46 | D:1      | Found a faded altar of an unknown god.
   207 | D:1      | Learned a level 2 spell: Scorch
   299 | D:2      | Noticed Jessica
   304 | D:2      | Reached XP level 3. HP: 10/26 MP: 2/8
   308 | D:2      | Killed from afar by Jessica

Illustrated notes

Levels and vault maps discovered:
D:1:      enne_arrival_octagon_isle, layout_basic,
          shapermc_ecumenical_altar_mp_ritualfount, minivault_25
D:2:      minmay_inner_zag, layout_loops_ring, kennysheep_another_room,
          serial_park_tiny_pond, kennysheep_generic_room_13, uniq_jessica

Skill      XL: |  1 |
---------------+----+-----
Fire Magic     | 4 |  4.4
Dodging        | |  2.6
Stealth        | |  1.4
Spellcasting   | |  2.9
Conjurations   | |  1.2

Action                   || total
-------------------------++-------
Melee: Unarmed           ||    15
 Cast: Foxfire           ||    18
  Use: Potion            ||     1
Armor: Robe              ||     6
Dodge: Dodged            ||    15
